 Dungeon Crawl Stone Soup version 0.32-a0-163-g159c032296 (webtiles) character file.

Game seed: 8168536672894854487

1953 BubbleThief the Cleaver (level 9, -1/82 HPs)
             Began as a Hill Orc Fighter on Feb 11, 2024.
             Was a Priest of Makhleb.
             Slain by a wyvern (5 damage)
             ... on level 7 of the Dungeon.
             The game lasted 00:07:41 (5761 turns).

BubbleThief the Cleaver (Hill Orc Fighter)          Turns: 5761, Time: 00:07:42

Health: -1/82      AC:  9    Str: 23    XL:     9   Next: 19%
Magic:  9/9        EV:  8    Int:  8    God:    Makhleb [***...]
Gold:   397        SH:  4    Dex: 10    Spells: 8/8 levels left

rFire   . . .        a - +0 war axe
rCold   . . .        c - +0 buckler
rNeg    . . .        H - +0 chain mail
rPois   .            (no helmet)
rElec   .            (no cloak)
rCorr   .            (no gloves)
SInv    +            (no boots)
Will    +....        i - amulet of magic regeneration Stlth
                     n - ring of see invisible
HPRegen 0.33/turn    s - ring of willpower
MPRegen 0.51/turn

%: no passive effects
@: no status effects
A: no striking features
a: Renounce Religion, Minor Destruction, Lesser Servant of Makhleb


You were on level 7 of the Dungeon.
You worshipped Makhleb.
Makhleb was most pleased with you.
You visited 1 branch of the dungeon, and saw 7 of its levels.
You also visited: Sewer.

You collected 397 gold pieces.

Inventory:

Hand Weapons
 a - a +0 war axe (weapon)
Armour
 c - a +0 buckler (worn)
 H - a +0 chain mail (worn)
Jewellery
 i - an amulet of magic regeneration (around neck)
 n - a ring of see invisible (left hand)
 s - a ring of willpower (right hand)
 w - a ring of protection from cold
Scrolls
 b - a scroll of poison {unknown}
 e - 4 scrolls of fear {unknown}
 f - a scroll of enchant armour {unknown}
 g - 10 scrolls of identify {unknown}
 m - a scroll of summoning {unknown}
 o - a scroll of enchant weapon {unknown}
 p - 3 scrolls of blinking {unknown}
 q - 5 scrolls of teleportation {unknown}
 u - a scroll of silence {unknown}
 v - a scroll of noise {unknown}
 y - 2 scrolls of fog {unknown}
 A - a scroll of vulnerability {unknown}
 D - a scroll of revelation {unknown}
Potions
 d - 4 potions of might
 h - 3 potions of berserk rage {unknown}
 j - a potion of degeneration {unknown}
 k - 3 potions of haste {unknown}
 l - a potion of lignification {unknown}
 r - 3 potions of cancellation {unknown}
 t - a potion of curing {unknown}
 x - a potion of magic {unknown}
 z - 4 potions of heal wounds {unknown}
 B - a potion of enlightenment {unknown}
 C - a potion of resistance {unknown}
 E - 3 potions of invisibility {unknown}
 G - a potion of attraction {unknown}


   Skills:
 + Level 8.5 Fighting
 * Level 12.0 Axes
 + Level 5.1 Armour
 - Level 3.2 Shields


You had 8 spell levels left.
You didn't know any spells.
Your spell library contained the following spells:

 Spells                   Type           Power      Damage    Failure   Level
 Call Imp                 Summ           0%         N/A       99%         2
 Sublimation of Blood     Necr           0%         N/A       99%         2
 Dazzling Flash           Conj/Hex       0%         N/A       100%        3
 Mephitic Cloud           Conj/Alch/Air  0%         N/A       100%        3
 Volatile Blastmotes      Fire/Tloc      0%         2d10      100%        3
 Animate Dead             Necr           0%         N/A       100%        4
 Borgnjor's Vile Clutch   Necr/Erth      0%         N/A       100%        5
 Curse of Agony           Necr           0%         N/A       100%        5
 Silence                  Hex/Air        0%         N/A       100%        5
 Death Channel            Necr           0%         N/A       100%        6
 Starburst                Conj/Fire      0%         6d3       100%        6
 Haunt                    Necr/Summ      0%         N/A       100%        7
 Summon Hydra             Summ           0%         N/A       100%        7
 Infestation              Necr           0%         N/A       100%        8
 Maxwell's Capacitive Co  Air            0%         ∞         100%        8


Dungeon Overview and Level Annotations

Branches:
Dungeon (7/15)              Sewer (visited)
 Temple: D:4-7

Altars:
Dithmenos
Hepliaklqana
Makhleb
Okawaru
Vehumet
Wu Jian
Yredelemnul
Zin


Message History

You are too injured to fight recklessly!
You are too injured to fight recklessly!
You are too injured to fight recklessly!
You barely miss the wyvern.
The wyvern is severely wounded.
The wyvern bites you!
You closely miss the wyvern.
The wyvern is severely wounded.
The wyvern completely misses you.
The wyvern bites you but does no damage.
You barely miss the wyvern.
The wyvern is severely wounded.
The wyvern bites you.
* * * LOW HITPOINT WARNING * * *
Unknown command.
You hit the wyvern but do no damage.
The wyvern is severely wounded.
The wyvern bites you!
* * * LOW HITPOINT WARNING * * *
The wyvern bites you but does no damage.
Unknown command.
You hit the wyvern but do no damage.
The wyvern is severely wounded.
The wyvern closely misses you.
Unknown command.
You closely miss the wyvern.
The wyvern is severely wounded.
The wyvern completely misses you.
Unknown command.
You barely miss the wyvern.
The wyvern is severely wounded.
The wyvern bites you!
* * * LOW HITPOINT WARNING * * *
The wyvern bites you.
* * * LOW HITPOINT WARNING * * *
Unknown command.
You closely miss the wyvern.
The wyvern is severely wounded.
The wyvern bites you.
You die...

..#..# .<#.## ..#
....# #.# # ##.## ##.#
###. .#..######## ...
... ............
).##.#### ....########
#........ ###....####
#.k......
##.#....######@.......
#.####......#........
#.. ######..........
##.. ##....^.... ##
##........ ###...###
##...# ##.. ##


You could see a wyvern.

Vanquished Creatures
  Prince Ribbit (D:6)
  Sigmund (D:6)
  Edmund (D:6)
  An ice beast (D:6)
  4 ogres
  5 bullfrogs
  2 scorpions
  A howler monkey (D:6)
  A hound (D:3)
  2 orc priests (D:4)
  A jelly (D:6)
  3 sleepcaps
  Natasha (thrice) (D:2)
  2 orc wizards
  2 river rats (Sewer)
  12 adders
  2 shadow imps (D:5)
  A white imp (D:5)
  3 dart slugs
  8 orcs
  11 endoplasms
  8 giant cockroaches
  6 goblins
  4 hobgoblins
  6 jackals
  2 quokkas
  18 ball pythons
  4 bats
  6 frilled lizards
  6 kobolds
  25 rats
152 creatures vanquished.

Notes
Turn   | Place    | Note
-------+----------+-------------------------------------------
     0 | D:1      | BubbleThief the Hill Orc Fighter began the quest for the
                  | Orb.
     0 | D:1      | Reached XP level 1. HP: 19/19 MP: 1/1
   211 | D:1      | Reached skill level 3 in Axes
   245 | D:1      | Reached XP level 2. HP: 27/27 MP: 2/2
   657 | D:1      | Reached skill level 4 in Axes
   658 | D:1      | Reached XP level 3. HP: 28/33 MP: 3/3
   931 | D:2      | Noticed Natasha
   935 | D:2      | Killed Natasha
  1062 | D:2      | Noticed Natasha
  1070 | D:2      | Killed Natasha
  1071 | D:2      | Reached skill level 5 in Axes
  1071 | D:2      | Reached XP level 4. HP: 17/41 MP: 4/4
  1231 | D:2      | Found a radiant altar of Vehumet.
  1489 | D:2      | Noticed Natasha
  1505 | D:2      | Killed Natasha
  1506 | D:2      | Reached skill level 5 in Fighting
  1506 | D:2      | Reached XP level 5. HP: 40/48 MP: 5/5
  1875 | D:3      | Reached skill level 6 in Axes
  1896 | D:3      | Found a burning altar of Makhleb.
  2011 | D:3      | Became a worshipper of Makhleb the Destroyer
  2136 | D:3      | Reached XP level 6. HP: 46/56 MP: 6/6
  2427 | D:3      | Found a shadowy altar of Dithmenos.
  2525 | D:3      | Reached * piety under Makhleb
  2591 | D:4      | Found a glowing silver altar of Zin.
  2658 | D:4      | Reached skill level 7 in Axes
  2683 | D:4      | Identified the +0 robe of the Lich-sworn {rC+}
  2846 | D:4      | Found a glowing drain.
  2864 | Sewer    | Entered a sewer
  2974 | Sewer    | Reached ** piety under Makhleb
  3185 | Sewer    | Reached skill level 8 in Axes
  3185 | Sewer    | Reached XP level 7. HP: 44/63 MP: 7/7
  3517 | D:4      | Reached skill level 9 in Axes
  3593 | D:4      | Found a basalt altar of Yredelemnul.
  3763 | D:5      | Entered Level 5 of the Dungeon
  4033 | D:5      | Reached XP level 8. HP: 71/73 MP: 8/8
  4217 | D:5      | Found an ornate altar of the Wu Jian Council.
  4352 | D:5      | Found an iron altar of Okawaru.
  4358 | D:5      | Reached skill level 10 in Axes
  5030 | D:6      | Found a hazy altar of Hepliaklqana.
  5167 | D:6      | Noticed Edmund
  5179 | D:6      | Killed Edmund
  5313 | D:6      | Noticed a shadow
  5367 | D:6      | Noticed Prince Ribbit
  5379 | D:6      | Noticed Sigmund
  5385 | D:6      | Killed Sigmund
  5386 | D:6      | Reached skill level 11 in Axes
  5392 | D:6      | Killed Prince Ribbit
  5393 | D:6      | Reached XP level 9. HP: 54/81 MP: 9/9
  5413 | D:6      | Reached skill level 5 in Armour
  5749 | D:7      | Reached *** piety under Makhleb
  5750 | D:7      | Reached skill level 12 in Axes
  5760 | D:7      | HP: 3/82 [wyvern (5)]
  5761 | D:7      | Slain by a wyvern

Illustrated notes

Levels and vault maps discovered:
D:1:      dpeg_arrival_chambers_temple_mockup, layout_basic,
          minmay_fountain_box, wad_woods_river_04
D:2:      layout_loops_cross, basic_altar, serial_bayou_lake_a, uniq_natasha
D:3:      layout_basic, mainiacjoe_overflow_small_starburst,
          mainiacjoe_overflow_alcove_4, chequers_serial_rivers_small_a
D:4:      layout_basic, lemuel_crystal_altar, yredelemnul_altar_generic,
          cheibrodos_sewer_entry_sluice, minmay_quantized
D:5:      layout_gridville, amcnicky_altar_gilded, mainiacjoe_overflow_alcove_1,
          kennysheep_generic_room_15
D:6:      layout_loops_cross, kennysheep_little_box, lightli_corner_chamber,
          uniq_sigmund, uniq_prince_ribbit1, uniq_edmund
D:7:      layout_rooms, minmay_temple_entry_slanted,
          chequers_serial_rivers_micro_c

Skill      XL: |  1  2  3  4  5  6  7  8  9 |
---------------+----------------------------+-----
Axes           | 3 4 5 6 8 9 11 12 | 12.0
Fighting       | 4 5 6 7 8 |  8.5
Armour         | 4 5 |  5.1
Shields        | |  3.2

Action                     |  1- 3 |  4- 6 |  7- 9 || total
---------------------------+-------+-------+-------++-------
  Melee: War axe           |    61 |   268 |   149 ||   478
 Armour: Scale mail        |    40 |   187 |    43 ||   270
         Chain mail        |       |       |    57 ||    57
  Dodge: Dodged            |    24 |   150 |    42 ||   216
  Block: Buckler           |     9 |    72 |    17 ||    98

Table legend: (Time is in decaauts)
 A = Elapsed time spent in this place.
 B = Non-inter-level travel time spent in this place.
 C = Inter-level travel time spent in this place.
 D = Time resting spent in this place.
 E = Time spent auto-exploring this place.
 F = Levels seen in this place.
 G = Mean time per level.
                   A        B        C        D        E       F      G
               +--------+--------+--------+--------+--------+-----+--------+
         Total |   5933 |   5800 |    133 |     10 |   4607 |   8 |  741.6 |
       Dungeon |   5441 |   5308 |    133 |     10 |   4333 |   7 |  777.3 |
         Sewer |    492 |    492 |      0 |      0 |    274 |   1 |  492.0 |
               +--------+--------+--------+--------+--------+-----+--------+

Top non-repeatable levels by time:
     D:5: 977 daAuts
     D:6: 968 daAuts
     D:1: 955 daAuts
     D:2: 955 daAuts
     D:4: 776 daAuts
     D:3: 755 daAuts
   Sewer: 492 daAuts
     D:7: 51 daAuts
